 Dungeon Sprint DCSS version 0.31.0-11-ge490571c62 (webtiles) character file.

Game seed: 12998544142116517290

849 DiggyJ the Basher (level 8, -12/64 HPs)
             Began as an Octopode Monk on Feb 3, 2024.
             Was an Elder of Cheibriados.
             Mangled by a five-headed hydra (16 damage)
             ... in the Dungeon (Sprint IX: "|||||||||||||||||||||||||||||").
             The game lasted 00:02:16 (183 turns).

DiggyJ the Basher (Octopode Monk)                    Turns: 183, Time: 00:02:17

Health: -12/64     AC:  1    Str: 22    XL:     8   Next: 1%
Magic:  8/8        EV: 23    Int: 25    God:    Cheibriados [****..]
Gold:   0          SH:  0    Dex: 25    Spells: 7/7 levels left

rFire   . . .        l - +2 dire flail (heavy)
rCold   . . .        (shield currently unavailable)
rNeg    . . .        (helmet restricted)
rPois   .            (no amulet)
rElec   .            m - +2 ring of evasion
rCorr   .            n - +3 ring of intelligence
SInv    .            (no ring)
Will    .....        (no ring)
Stlth   +++          (no ring)
HPRegen 0.30/turn    (no ring)
MPRegen 0.11/turn    (no ring)
                     (no ring)

%: no teleportation
@: very slow
A: almost no armour, amphibious, 8 rings, camouflage 1, gelatinous body 1,
(nimble swimmer 1), tentacles
a: Renounce Religion, Bend Time, Temporal Distortion, Slouch


You were in the Dungeon.
You worshipped Cheibriados.
Cheibriados was greatly pleased with you.
You visited 1 branch

Inventory:

Hand Weapons
 a - a +0 mace
 l - a +2 heavy dire flail (weapon)
Armour
 c - an orb of light
Jewellery
 m - a +2 ring of evasion (left tentacle)
 n - a +3 ring of intelligence (right tentacle)
Wands
 k - a wand of light (10)
Scrolls
 i - 2 scrolls of blinking
 j - 2 scrolls of amnesia
Potions
 d - 5 potions of curing
 f - a potion of haste
 g - 4 potions of magic
 h - a potion of invisibility


   Skills:
 + Level 10.0 Fighting
 + Level 11.4 Maces & Flails
 + Level 9.4 Dodging


You had 7 spell levels left.
You didn't know any spells.
Your spell library was empty.

Dungeon Overview and Level Annotations

Branches:
Dungeon (1/1)

Altars:
Cheibriados
Dithmenos
Elyvilon
Fedhas
Gozag
Hepliaklqana
Kikubaaqudgha
Makhleb
Nemelex Xobeh
Okawaru
Qazlal
Ru
Sif Muna
Trog
Uskayaw
Vehumet
Wu Jian
Xom
Yredelemnul
Zin
The Shining One
Jiyva
Lugonu


Innate Abilities, Weirdness & Mutations

You cannot wear most types of armour.
You are amphibious.
You can wear up to eight rings at the same time.
Your skin changes colour to match your surroundings (Stealth+).
Your rubbery body absorbs attacks. (AC +1, EV +1)
((You are camouflaged when in or above water. (Stealth+)))
You have tentacles for arms and can constrict up to eight enemies at once.


Message History

The vampire mosquito buzzes angrily.
The meliai hits you with a +0 hand axe! The meliai barely misses you.
The meliai calls down the wrath of its god upon you.
Something smites you!
The five-headed hydra roars!
The cyclops shouts!
There is an open door, spattered with blood here.
The orc wizard shouts!
You skewer the five-headed hydra like a kebab!!!
You squeeze the five-headed hydra!
The five-headed hydra is severely wounded.
The meliai calls down the wrath of its god upon you.
Something smites you! The five-headed hydra bites you!
The five-headed hydra completely misses you.
The five-headed hydra misses you. x2
The five-headed hydra completely misses you.
Unknown command.
Unknown command.
Unknown command.
Unknown command.
Unknown command.
Unknown command.
Unknown command.
Unknown command.
Unknown command.
Unknown command.
Unknown command.
Unknown command.
Unknown command.
Unknown command.
Unknown command.
Unknown command.
You sock the five-headed hydra!
The five-headed hydra is almost dead.
The five-headed hydra bites you.
The five-headed hydra closely misses you.
The five-headed hydra completely misses you.
The five-headed hydra bites you!
* * * LOW HITPOINT WARNING * * *
The five-headed hydra bites you!
You die... ▓▓▓▓▓▓▓▓▓▓▓▓▓▓▓▓▓▓▓▓▓▓▓▓ ..).[[[.))).....@DyCRyo+ ▓▓▓▓▓▓▓▓▓▓▓▓▓▓▓▓▓▓▓▓▓▓▓▓

You could see a five-headed hydra, a cyclops, an efreet, a vampire mosquito, a meliai and an orc wizard.

Vanquished Creatures
  A kobold demonologist (D)
  A wyvern (D)
  A vampire mosquito (D)
  A kobold brigand (D)
  2 scorpions (D)
  A wight (D)
  A bombardier beetle (D)
  A hound (D)
  An orc wizard (D)
  An orc (D)
  A ball python (D)
  A goblin (D)
  A quokka (D)
  A frilled lizard (D)
  A rat (D)
16 creatures vanquished.

Notes
Turn   | Place    | Note
-------+----------+-------------------------------------------
     0 | D        | DiggyJ the Octopode Monk began the quest for the Orb.
     0 | D        | Reached XP level 1. HP: 16/16 MP: 1/1
    39 | D        | Noticed a scorpion
    39 | D        | Noticed a hound
    39 | D        | Noticed a bombardier beetle
    39 | D        | Noticed a scorpion
    42 | D        | Reached XP level 2. HP: 22/22 MP: 2/2
    43 | D        | Killed a scorpion
    44 | D        | Reached skill level 5 in Fighting
    44 | D        | Reached skill level 5 in Maces & Flails
    44 | D        | Reached skill level 5 in Dodging
    44 | D        | Reached XP level 3. HP: 24/29 MP: 3/3
    44 | D        | Reached XP level 4. HP: 29/35 MP: 4/4
    46 | D        | Reached skill level 6 in Maces & Flails
    50 | D        | Reached XP level 5. HP: 34/41 MP: 5/5
    52 | D        | Reached skill level 7 in Maces & Flails
    63 | D        | Found a snail-covered altar of Cheibriados.
    63 | D        | Found a shadowy altar of Dithmenos.
    63 | D        | Found a white marble altar of Elyvilon.
    63 | D        | Found a blossoming altar of Fedhas.
    63 | D        | Found an opulent altar of Gozag.
    64 | D        | Found a hazy altar of Hepliaklqana.
    65 | D        | Found a viscous altar of Jiyva.
    66 | D        | Found an ancient bone altar of Kikubaaqudgha.
    67 | D        | Found a corrupted altar of Lugonu.
    69 | D        | Became a worshipper of Cheibriados the Contemplative
    69 | D        | Reached * piety under Cheibriados
    69 | D        | Reached ** piety under Cheibriados
    71 | D        | Found a burning altar of Makhleb.
    72 | D        | Found a sparkling altar of Nemelex Xobeh.
    73 | D        | Found an iron altar of Okawaru.
    74 | D        | Found a stormy altar of Qazlal.
    75 | D        | Found a sacrificial altar of Ru.
    76 | D        | Found a shimmering blue altar of Sif Muna.
    77 | D        | Found a bloodstained altar of Trog.
    78 | D        | Found a hide-covered altar of Uskayaw.
    79 | D        | Found a radiant altar of Vehumet.
    80 | D        | Found an ornate altar of the Wu Jian Council.
    81 | D        | Found a shimmering altar of Xom.
    82 | D        | Found a basalt altar of Yredelemnul.
    83 | D        | Found a glowing silver altar of Zin.
    84 | D        | Found a glowing golden altar of the Shining One.
   112 | D        | Noticed a wyvern
   112 | D        | Noticed a vampire mosquito
   112 | D        | Noticed a kobold brigand
   112 | D        | Noticed a kobold demonologist
   114 | D        | Killed a wyvern
   115 | D        | Reached skill level 8 in Maces & Flails
   115 | D        | Reached XP level 6. HP: 6/50 MP: 6/6
   117 | D        | Noticed a smoke demon
   124 | D        | Reached *** piety under Cheibriados
   125 | D        | Reached skill level 9 in Maces & Flails
   129 | D        | Killed a vampire mosquito
   130 | D        | Reached XP level 7. HP: 17/56 MP: 7/7
   131 | D        | Reached skill level 10 in Maces & Flails
   141 | D        | Killed a kobold demonologist
   141 | D        | Reached **** piety under Cheibriados
   142 | D        | Reached skill level 11 in Maces & Flails
   145 | D        | Reached skill level 10 in Fighting
   145 | D        | Reached XP level 8. HP: 46/64 MP: 8/8
   180 | D        | Noticed a meliai
   180 | D        | Noticed a five-headed hydra
   180 | D        | Noticed a cyclops
   180 | D        | Noticed an efreet
   183 | D        | Mangled by a five-headed hydra

Illustrated notes

Levels and vault maps discovered:
D:        linesprint [early_d, line_temple, items_1, d_10, items_2, lair_1,
          lair_end, items_3, orc_1, orc_end, items_4, d_15, swamp_1, shoals_1,
          snake_1, spider_1, d_20, vaults_1, items_5, swamp_end, shoals_end,
          snake_end, spider_end, vaults_end, d_27, items_6, zot_1, zot_end,
          crypt_end, forest_end, elf_end, slime_end, tomb_end, abyss_end,
          pan_hell_end]

Skill      XL: |  1  2  3  4  5  6  7 |
---------------+----------------------+-----
Fighting       | 5 6 8 10 | 10.0
Maces & Flails | 5 6 8 9 11 | 11.4
Dodging        | 5 6 7 8 9 |  9.4

Action                     |  1- 3 |  4- 6 |  7- 9 || total
---------------------------+-------+-------+-------++-------
  Melee: Mace              |    13 |     7 |       ||    20
         Constrict         |     3 |     3 |     3 ||     9
         Tentacles         |       |     2 |     2 ||     4
         Dire flail        |       |     9 |     8 ||    17
    Use: Potion            |     1 |     3 |     1 ||     5
 Armour: Skin              |     2 |    11 |    12 ||    25
  Dodge: Dodged            |    11 |    11 |     9 ||    31
